 Dungeon Crawl Stone Soup version 0.30.1-3-gfc49f6343a (webtiles) character file.

Game seed: 2737576481139276211

45 cheesebisquit the Poker (level 3, -1/28 HPs)
             Began as a Merfolk Gladiator on July 19, 2023.
             Slain by a gnoll
             ... wielding a +0 spear
              (4 damage)
             ... on level 2 of the Dungeon.
             The game lasted 00:02:30 (1016 turns).

cheesebisquit the Poker (Merfolk Gladiator)         Turns: 1016, Time: 00:02:31

Health: -1/28      AC:  9    Str: 14    XL:     3   Next: 64%
Magic:  3/3        EV:  8    Int:  9    God:
Gold:   80         SH:  0    Dex: 15    Spells: 2/2 levels left

rFire   + . .        a - +0 trident
rCold   + . .        (no shield)
rNeg    . . .        h - +0 chain mail
rPois   +            c - +0 helmet
rElec   +            (no cloak)
rCorr   +            (no gloves)
SInv    .            (no boots)
Will    .....        (no amulet) Stlth
                     (no ring)
HPRegen 0.24/turn    (no ring)
MPRegen 0.08/turn

%: no passive effects
@: resistant
A: (nimble swimmer 2), mertail
a: no special abilities


You were on level 2 of the Dungeon.
You visited 1 branch of the dungeon, and saw 2 of its levels.

You collected 80 gold pieces.

Inventory:

Hand Weapons
 a - a +0 trident (weapon)
Missiles
 d - 3 throwing nets (quivered)
 e - a javelin
Armour
 b - a +0 leather armour
 c - a +0 helmet (worn)
 h - a +0 chain mail (worn)
Scrolls
 f - a scroll of enchant weapon
 j - a scroll of magic mapping


   Skills:
 + Level 2.9 Fighting
 + Level 4.6 Polearms
 - Level 2.0 Throwing
 + Level 4.5 Dodging
 + Level 1.6 Stealth


You had 2 spell levels left.
You didn't know any spells.
Your spell library contained the following spells:

 Spells                   Type           Power      Damage    Failure   Level
 Shock                    Conj/Air       0%         1d3       100%        1
 Swiftness                Air            0%         N/A       100%        3
 Airstrike                Air            0%         2d(0-16)  100%        4


Dungeon Overview and Level Annotations

Branches:
Dungeon (2/15)

Altars:


Innate Abilities, Weirdness & Mutations

((You are very nimble when in or above water. (Stealth+, EV+, Speed+++)))
Your lower body shifts to a powerful aquatic tail in water.


Message History

The gnoll is almost dead.
The gnoll hits you but does no damage. x2
You barely miss the gnoll.
The gnoll is almost dead.
The gnoll hits you but does no damage. x2
You hit the gnoll.
You kill the gnoll!
The gnoll completely misses you. The gnoll hits you but does no damage.
The gnoll closely misses you. The gnoll hits you but does no damage.
Things that are here:
a +0 whip; a +0 club; a gnoll corpse You hit the gnoll.
The gnoll is moderately wounded.
The gnoll hits you from afar with a +0 spear.
The gnoll hits you but does no damage.
You barely miss the gnoll.
The gnoll is moderately wounded.
The gnoll completely misses you. The gnoll hits you but does no damage.
You hit the gnoll.
The gnoll is moderately wounded.
The gnoll hits you from afar with a +0 spear.
The gnoll hits you with a +0 spear.
* * * LOW HITPOINT WARNING * * *
You hit the gnoll.
The gnoll is heavily wounded.
The gnoll closely misses you. The gnoll hits you with a +0 spear.
* * * LOW HITPOINT WARNING * * *
It was a potion of resistance.
You feel protected. The gnoll hits you but does no damage.
The gnoll hits you from afar with a +0 spear.
* * * LOW HITPOINT WARNING * * *
As you read the scroll labelled PYDDOICUEM, it crumbles to dust.
It is a scroll of identify.
f - a scroll of enchant weapon The gnoll barely misses you.
The gnoll hits you but does no damage.
As you read the scroll of identify, it crumbles to dust.
j - a scroll of magic mapping The gnoll hits you but does no damage.
The gnoll hits you with a +0 spear.
You die...

#############
#...gg@.....#
#.#########.#########
#...........#.......#
#g..................#
##.##########.#######
.g# #.# ..# #.######
g..# #......# ...#
######.#


You could see 2 gnolls.

Vanquished Creatures
  2 gnolls (D:2)
  2 dart slugs (D:1)
  2 ball pythons (D:1)
  An endoplasm (D:1)
  A goblin (D:1)
  3 hobgoblins (D:1)
  2 jackals (D:2)
  2 quokkas (D:1)
  2 bats (D:1)
  A frilled lizard (D:1)
  A kobold (D:1)
  4 rats (D:1)
23 creatures vanquished.

Notes
Turn   | Place    | Note
-------+----------+-------------------------------------------
     0 | D:1      | cheesebisquit the Merfolk Gladiator began the quest for the
                  | Orb.
     0 | D:1      | Reached XP level 1. HP: 16/16 MP: 1/1
   303 | D:1      | Reached XP level 2. HP: 23/23 MP: 2/2
   416 | D:1      | Reached skill level 1 in Stealth
   790 | D:1      | Reached XP level 3. HP: 27/28 MP: 3/3
  1016 | D:2      | Slain by a gnoll

Illustrated notes

Levels and vault maps discovered:
D:1:      dreamdust_arrival_sigmund_warning, layout_basic, serial_park_tiny_1
D:2:      cheibrodos_pilgrimage, layout_basic, serial_shops, shop

Skill      XL: |  1  2 |
---------------+-------+-----
Stealth        | 1 |  1.6
Fighting       | |  2.9
Polearms       | |  4.6
Throwing       | |  2.0
Dodging        | |  4.5

Action                     || total
---------------------------++-------
  Melee: Trident           ||    80
         Punch             ||     1
    Use: Scroll            ||     2
         Potion            ||     1
   Stab: Sleeping          ||     1
 Armour: Leather armour    ||     3
         Chain mail        ||    35
  Dodge: Dodged            ||    31
